 Dungeon Crawl Stone Soup version 0.23-a0-890-gc183402 (webtiles) character file.

Game seed: 9644738530290709051

16011 nikopol the Thaumaturge (level 12, -11/64 HPs)
             Began as a Deep Elf Fire Elementalist on Jan 28, 2019.
             Was an Elder of Vehumet.
             Mangled by a spiny frog (38 damage)
             ... on level 4 of the Lair of Beasts.
             The game lasted 00:40:50 (12118 turns).

nikopol the Thaumaturge (DEFE)                     Turns: 12118, Time: 00:40:51

Health: -11/64     AC:  5    Str:  5    XL:     12   Next: 6%
Magic:  32/32      EV: 15    Int: 26    God:    Vehumet [****..]
Gold:   808        SH:  0    Dex: 15    Spells: 19/40 levels left

rFire    . . .     SeeInvis +   K - +4 long sword (freeze)
rCold    . . .     Gourm    .   (no shield)
rNeg     . . .     Faith    .   f - +0 robe
rPois    .         Spirit   .   q - +0 helmet
rElec    .         Reflect  .   (no cloak)
rCorr    .         Harm     .   p - +0 pair of gloves
MR       ++...                  J - +0 pair of boots
Stlth    +++.......             (no amulet)
HPRegen  0.20/turn              w - ring "Deab Kae" {+Blink SInv}
MPRegen  0.23/turn              d - ring of protection from magic

@: sleeping, marked
A: no striking features
a: Renounce Religion, Evoke Blink


You were on level 4 of the Lair of Beasts.
You worshipped Vehumet.
Vehumet was greatly pleased with you.
You were not hungry.

You visited 3 branches of the dungeon, and saw 14 of its levels.

You collected 808 gold pieces.

Inventory:

Hand Weapons
 h - a +0 dagger
 j - a +2 dagger of protection
 K - a +4 long sword of freezing (weapon)
Armour
 f - a +0 robe (worn)
 p - a +0 pair of gloves (worn)
 q - a +0 helmet (worn)
 B - the +2 ratskin cloak {+Rats rPois rN+ Str-1 Int-1 Dex+1}
   (You found it on level 5 of the Dungeon)

   It affects your strength (-1).
   It affects your intelligence (-1).
   It affects your dexterity (+1).
   It protects you from poison.
   It protects you from negative energy.
 J - a +0 pair of boots (worn)
Jewellery
 d - a ring of protection from magic (right hand)
 w - the ring "Deab Kae" (left hand) {+Blink SInv}
   (You found it on level 4 of the Dungeon)

   [ring of see invisible]

   It lets you see invisible.
   It lets you blink.
 E - an uncursed ring of flight
 L - an uncursed ring of positive energy
Wands
 G - a wand of disintegration (14)
 I - a wand of clouds (12)
 Q - a wand of paralysis (6)
Scrolls
 e - 2 scrolls of identify
 g - 6 scrolls of teleportation
 i - 2 scrolls of fog {unknown}
 l - 2 scrolls of magic mapping {unknown}
 o - a scroll of summoning {unknown}
 r - a scroll of fear {unknown}
 s - 3 scrolls of remove curse
 u - 2 scrolls of blinking {unknown}
 v - 2 scrolls of enchant armour {unknown}
 y - a scroll of silence {unknown}
 A - 2 scrolls of enchant weapon {unknown}
 D - a scroll of noise {unknown}
 F - 2 scrolls of amnesia {unknown}
 P - a scroll of vulnerability {unknown}
 R - 2 scrolls of immolation {unknown}
Potions
 a - 2 potions of ambrosia
 b - 7 potions of heal wounds
 k - 10 potions of curing
 m - 2 potions of lignification
 n - 3 potions of flight
 t - a potion of mutation {unknown}
 x - a potion of magic {unknown}
 z - a potion of might {unknown}
 C - 2 potions of resistance
 H - 2 potions of haste
 M - 2 potions of agility
 N - 2 potions of berserk rage
 O - 3 potions of cancellation
Comestibles
 c - 24 rations


   Skills:
 + Level 2.4 Fighting
 - Level 1.5 Long Blades
 + Level 5.0 Dodging
 + Level 5.1 Stealth
 + Level 14.6 Spellcasting
 + Level 10.9 Conjurations
 + Level 12.0 Fire Magic
 + Level 0.8 Ice Magic


You had 19 spell levels left.
You knew the following spells:

 Your Spells              Type           Power        Failure   Level  Hunger
a - Flame Tongue          Conj/Fire      #####        1%          1    None
b - Throw Flame           Conj/Fire      ######       1%          2    None
c - Conjure Flame         Conj/Fire      ######..     1%          3    None
d - Sticky Flame          Conj/Fire      ######..     1%          4    None
e - Fireball              Conj/Fire      ######....   1%          5    #......
f - Bolt of Cold          Conj/Ice       #####.....   11%         6    ####...

Your spell library contained the following spells:

 Spells                   Type           Power        Failure   Level  Hunger
 Iskenderun's Battlesphe  Conj/Chrm      #####...     2%          5    #......
 Inner Flame              Hex/Fire       ######..     1%          3    None
 Beastly Appendage        Tmut           ###...       2%          1    None
 Confusing Touch          Hex            ###...       2%          1    None
 Sticks to Snakes         Tmut           ###.....     4%          2    None
 Confuse                  Hex            ###.....     9%          3    None
 Gell's Gravitas          Tloc           ###.......   9%          3    None
 Spider Form              Tmut/Pois      ###.......   9%          3    None
 Yara's Violent Unravell  Hex/Tmut       ###.......   21%         5    #......
 Freezing Cloud           Conj/Ice/Air   #####.....   22%         6    ####...
 Ice Form                 Ice/Tmut       ###.....     24%         4    None
 Petrify                  Tmut/Erth      ###.....     28%         4    None
 Metabolic Englaciation   Hex/Ice        ###.......   54%         5    #......
 Ozocubu's Refrigeration  Ice            ###.......   58%         6    ####...
 Blade Hands              Tmut           ###.......   61%         5    #......
 Simulacrum               Ice/Necr       ###.......   98%         6    ####...


Dungeon Overview and Level Annotations

Branches:
Dungeon (10/15)            Temple (1/1) D:4            Lair (2/6) D:10
  Swamp: Lair:2-4    Shoals: Lair:2-4     Snake: Lair:2-4    Spider: Lair:2-4
    Orc: D:9-12

Altars:
Ashenzari
Cheibriados
Elyvilon
Fedhas
Gozag
Hepliaklqana
Kikubaaqudgha
Makhleb
Nemelex Xobeh
Okawaru
Qazlal
Ru
Sif Muna
Trog
Uskayaw
Vehumet
Wu Jian
Xom
Yredelemnul
Zin
The Shining One

Portals:
Trove: D:10 (give 19 potions of curing)
Ice
Cave: Lair:4


Message History

Confirm with . or Enter, or press ? or * to list all spells.
Aiming: Flame Tongue (safe; 1% risk of failure)
Press: ? - help, Shift-Dir - straight line, f - spiny frog
Aim: a spiny frog
Okay, then.
A dream sheep comes into view.
The dream sheep shake their wool and sparkle.
You feel drowsy...
You fall asleep.
A dream sheep comes into view. x2
The spiny frog closely misses you. The spiny frog stings you!!
You wake up.
A yak comes into view.
The spiny frog stings you!
A yak comes into view.
There is a frozen archway here.
The dream sheep are wreathed in dream dust.
You feel drowsy...
You fall asleep.
The spiny frog stings you!!!
Ouch! That really hurt!
You die...

#...........)......Y
#..........Y.....#..
#.............Y.....
#...........Y.......
#.>.................
#....)...Y.Y....Y....
##.......Y#Y........
#.......lFY.......
#......#.@.#.....
##............P##
####....#.##...#
#......# #.# ##....##
# #####


You could see a komodo dragon, 2 yaks, a spiny frog and 7 dream sheep.

Vanquished Creatures
  A hydra (Lair:1)
  An ice dragon (D:10)
  Erica (D:9)
  A two-headed ogre (D:10)
  6 orange demons (D:10)
  3 spiny frogs
  Psyche (D:9)
  A rime drake (D:10)
  2 komodo dragons
  A red devil (D:10)
  A troll (D:10)
  A hornet (D:9)
  A polar bear (D:10)
  4 blink frogs (Lair:1)
  Grinder (D:5)
  Prince Ribbit (D:5)
  4 hippogriffs
  A spriggan (D:7)
  3 wyverns
  Sigmund (D:3)
  A basilisk (Lair:1)
  A hungry ghost (D:9)
  Edmund (D:5)
  2 porcupines
  4 water moccasins
  3 ice beasts
  3 sky beasts
  3 orc warriors
  A phantom (D:4)
  7 ogres
  6 wolves (Lair:1)
  6 centaurs
  A necrophage (D:7)
  2 crocodiles
  6 bullfrogs
  A gnoll sergeant (D:9)
  2 scorpions
  6 wights (D:7)
  4 killer bees (D:9)
  3 howler monkeys
  An electric eel (D:7)
  4 crimson imps
  A bullfrog zombie (D:7)
  4 jellies
  2 hounds
  3 orc wizards
  3 bullfrog skeletons
  7 iguanas
  Terence (D:2)
  A hell rat (D:5)
  8 worker ants
  3 hound skeletons
  3 mummies (D:7)
  3 worker ant zombies
  Robin (D:3)
  12 gnolls
  A howler monkey skeleton (D:9)
  10 adders
  6 river rats (D:5)
  3 shadow imps
  An adder skeleton (D:7)
  3 adder zombies
  2 worms
  A dart slug (D:1)
  17 orcs
  8 bats
  6 giant cockroaches
  22 goblins
  12 hobgoblins
  5 jackals
  5 quokkas
  2 ball pythons
  5 frilled lizards
  A jackal zombie (D:6)
  6 kobolds
  18 rats
  2 plants (D:10)
292 creatures vanquished.

Vanquished Creatures (others)
  2 plants
2 creatures vanquished.

Grand Total: 294 creatures vanquished

Notes
Turn   | Place    | Note
-------+----------+-------------------------------------------
     0 | D:1      | nikopol the Deep Elf Fire Elementalist began the quest for
                  | the Orb.
     0 | D:1      | Reached XP level 1. HP: 10/10 MP: 6/6
   229 | D:1      | Reached XP level 2. HP: 15/15 MP: 5/8
   708 | D:1      | Reached XP level 3. HP: 19/19 MP: 7/10
   712 | D:1      | Learned a level 2 spell: Throw Flame
   716 | D:1      | Learned a level 3 spell: Conjure Flame
  1064 | D:2      | Noticed Terence
  1075 | D:2      | Killed Terence
  1075 | D:2      | Reached skill level 4 in Spellcasting
  1075 | D:2      | Reached XP level 4. HP: 24/24 MP: 2/12
  1293 | D:2      | Found a sparkling altar of Nemelex Xobeh.
  1293 | D:2      | Found an opulent altar of Gozag.
  1298 | D:2      | Found an ancient bone altar of Kikubaaqudgha.
  1300 | D:2      | Found a bloodstained altar of Trog.
  1302 | D:2      | Found a hide-covered altar of Uskayaw.
  1542 | D:3      | Noticed Sigmund
  1550 | D:3      | Killed Sigmund
  1550 | D:3      | Reached skill level 5 in Spellcasting
  1550 | D:3      | Reached skill level 5 in Fire Magic
  1550 | D:3      | Reached XP level 5. HP: 28/28 MP: 0/14
  1802 | D:3      | Reached XP level 6. HP: 32/32 MP: 8/15
  1805 | D:3      | Noticed Robin
  1950 | D:3      | Learned a level 4 spell: Sticky Flame
  2097 | D:3      | Killed Robin
  2393 | D:4      | Reached skill level 6 in Spellcasting
  2610 | D:4      | Reached XP level 7. HP: 37/37 MP: 9/18
  2634 | D:4      | Found a burning altar of Makhleb.
  2785 | D:4      | Found a staircase to the Ecumenical Temple.
  2800 | Temple   | Entered the Ecumenical Temple
  2846 | Temple   | Became a worshipper of Vehumet
  2893 | D:4      | Found a sacrificial altar of Ru.
  3119 | D:4      | Got a steaming wooden ring
  3121 | D:4      | Identified the ring "Deab Kae" {+Blink SInv} (You found it
                  | on level 4 of the Dungeon)
  3210 | D:4      | Learned a level 5 spell: Fireball
  3346 | D:5      | Entered Level 5 of the Dungeon
  3356 | D:5      | Found a shattered altar of Ashenzari.
  3437 | D:5      | Reached skill level 7 in Spellcasting
  3525 | D:5      | Reached skill level 8 in Spellcasting
  3663 | D:5      | Noticed Grinder
  3667 | D:5      | Killed Grinder
  3667 | D:5      | Reached XP level 8. HP: 27/42 MP: 14/22
  3828 | D:5      | Reached * piety under Vehumet
  3828 | D:5      | Offered knowledge of Shock by Vehumet.
  3973 | D:5      | Found the +2 ratskin cloak {+Rats rPois rN+ Str-1 Int-1
                  | Dex+1}
  3989 | D:5      | Reached skill level 5 in Conjurations
  4091 | D:5      | Noticed Edmund
  4103 | D:5      | Killed Edmund
  4107 | D:5      | Noticed Prince Ribbit
  4131 | D:5      | Killed Prince Ribbit
  4131 | D:5      | Reached skill level 9 in Spellcasting
  4226 | D:5      | Found an iron altar of Okawaru.
  4479 | D:5      | Reached XP level 9. HP: 43/46 MP: 24/24
  4787 | D:6      | Reached skill level 10 in Spellcasting
  5241 | D:6      | Offered knowledge of Searing Ray by Vehumet.
  5305 | D:6      | Reached ** piety under Vehumet
  5372 | D:6      | Reached skill level 1 in Fighting
  6007 | D:7      | Reached skill level 11 in Spellcasting
  6272 | D:7      | Found a snail-covered altar of Cheibriados.
  6448 | D:7      | Offered knowledge of Ignite Poison by Vehumet.
  6702 | D:8      | Reached XP level 10. HP: 52/52 MP: 10/27
  6954 | D:8      | Reached *** piety under Vehumet
  7666 | D:9      | Found a stormy altar of Qazlal.
  7721 | D:9      | Noticed Psyche
  7724 | D:9      | Killed Psyche
  7752 | D:9      | Noticed Erica
  7875 | D:9      | Killed Erica
  7875 | D:9      | Reached skill level 1 in Long Blades
  7875 | D:9      | Reached skill level 12 in Spellcasting
  7875 | D:9      | Reached skill level 10 in Fire Magic
  8576 | D:9      | Offered knowledge of Olgreb's Toxic Radiance by Vehumet.
  8767 | D:10     | Entered Level 10 of the Dungeon
  8886 | D:10     | Found a staircase to the Lair.
  9034 | D:10     | Noticed a two-headed ogre
  9040 | D:10     | Killed a two-headed ogre
  9151 | D:10     | Reached XP level 11. HP: 46/57 MP: 16/29
  9439 | D:10     | Reached skill level 5 in Stealth
  9439 | D:10     | Reached skill level 13 in Spellcasting
  9746 | D:10     | Reached skill level 10 in Conjurations
  9962 | D:10     | Found a portal to a secret trove of treasure.
  9983 | D:10     | Noticed an ice dragon
  9986 | D:10     | Killed an ice dragon
 10007 | D:10     | Found the +8 frozen axe "Frostbite" {freezing cloud, *Noise
                  | +Fly rC+}
 10034 | D:10     | Reached **** piety under Vehumet
 10093 | D:9      | Learned a level 6 spell: Bolt of Cold
 10568 | Lair:1   | Entered Level 1 of the Lair of Beasts
 10568 | Lair:1   | Noticed a five-headed hydra
 10571 | Lair:1   | Killed a five-headed hydra
 10890 | Lair:1   | Reached skill level 14 in Spellcasting
 11243 | Lair:1   | Offered knowledge of Iskenderun's Battlesphere by Vehumet.
 11984 | Lair:2   | Reached XP level 12. HP: 53/64 MP: 20/32
 12052 | Lair:2   | Reached skill level 5 in Dodging
 12103 | Lair:2   | You fall through a shaft for 2 floors!
 12107 | Lair:4   | Found a frozen archway.
 12118 | Lair:4   | Mangled by a spiny frog

Vault maps used:
D:1:      lightli_arrival_flooded_house, minmay_ruptured
D:2:      chequers_temple_overflow_minitemple, first_ration, uniq_terence
D:3:      uniq_robin, uniq_sigmund
D:4:      nicolae_overflow_crystal_walls, nicolae_ru_sacrificial_ziggurat,
          temple_statues
D:5:      wander_guarded_unrand_ratskin, cheibrodos_ashenzari_chains,
          okawaru_ov_weapons_minmay, uniq_prince_ribbit1, uniq_edmund,
          uniq_grinder
D:7:      lemuel_round_altar, serial_undead, serial_undead_a, serial_undead_d,
          serial_undead_a, serial_undead_a, hangedman_decor_lopped, the_bakery,
          roderic_roman_lattice, kennysheep_potato
D:9:      basic_altar, uniq_erica, uniq_psyche
D:10:     minmay_coctagon, david_lair_shrubbed, nicolae_trove_entry_diagonal,
          nrook_pool_corridor, minmay_beelzebubs_servants
Temple:   dshaligram_water_room_temple
Lair:2:   serial_bayou_shore_b, grunt_megastairs_1
Lair:4:   elwin_shoals_entry_rocks, portal_ice_cave_entry_pillars_1,
          minmay_lair_oklob_chamber, lemuel_fruit_fields,
          infiniplex_staircase_pool_2, uniq_nergalle, uniq_urug

Skill      XL: |  1  2  3  4  5  6  7  8  9 10 11 12 |
---------------+-------------------------------------+-----
Fire Magic     | 4 5 6 7 9 10 11 12 | 12.0
Spellcasting   | 4 5 6 8 9 11 12 14 | 14.6
Conjurations   | 2 3 4 6 8 9 10 | 10.9
Stealth        | 3 4 5 |  5.1
Dodging        | 3 4 5 |  5.0
Fighting       | 1 2 |  2.4
Long Blades    | 1 |  1.5
Ice Magic      | |  0.8

Action                   |  1- 3 |  4- 6 |  7- 9 | 10-12 || total
-------------------------+-------+-------+-------+-------++-------
Melee: Dagger            |     1 |     1 |    12 |       ||    14
       Long sword        |       |       |       |    27 ||    27
 Cast: Flame Tongue      |    75 |    81 |   216 |   206 ||   578
       Conjure Flame     |     1 |     1 |     1 |    10 ||    13
       Throw Flame       |       |     8 |    21 |     8 ||    37
       Sticky Flame      |       |     3 |    28 |    29 ||    60
       Fireball          |       |       |    12 |    50 ||    62
       Bolt of Cold      |       |       |       |     2 ||     2
  Use: Scroll            |       |       |       |    13 ||    13
  Eat: Chunk             |       |     6 |    15 |    18 ||    39
       Ration            |       |       |       |     1 ||     1
Armor: Robe              |     2 |     8 |    15 |    19 ||    44
Dodge: Dodged            |    14 |    12 |    47 |    54 ||   127
       Rpst.: Long sword |       |       |     1 |    15 ||    16

Table legend:
 A = Non-vault XP
 B = Vault XP
 C = Vault XP percentage of total XP
 D = Non-vault monster count
 E = Vault monster count
 F = Vault count percentage of total count
                 A         B        C        D         E       F
            +---------+---------+-------+---------+---------+-------
      Total |   14686 |    8187 |  35.8 |     223 |      67 |  23.1
            +---------+---------+-------+---------+---------+-------
        D:1 |      34 |       8 |  19.0 |      22 |       3 |  12.0
        D:2 |      55 |      40 |  42.1 |      19 |       3 |  13.6
        D:3 |     201 |     251 |  55.5 |      21 |      10 |  32.3
        D:4 |     453 |       0 |   0.0 |      19 |       0 |   0.0
        D:5 |     970 |     807 |  45.4 |      17 |      25 |  59.5
        D:6 |    1135 |       0 |   0.0 |      24 |       0 |   0.0
        D:7 |     609 |     585 |  49.0 |      16 |      10 |  38.5
        D:8 |    1164 |       0 |   0.0 |      15 |       0 |   0.0
        D:9 |    1707 |    1491 |  46.6 |      28 |       3 |   9.7
       D:10 |    2131 |    5005 |  70.1 |      15 |      13 |  46.4
     Lair:1 |    4393 |       0 |   0.0 |      18 |       0 |   0.0
     Lair:2 |    1834 |       0 |   0.0 |       9 |       0 |   0.0
            +---------+---------+-------+---------+---------+-------
